 Dungeon Crawl Stone Soup version 0.17-a0-1141-g3e25b61 (webtiles) character file.

114 zuul91 the Grave Robber (level 5, -3/37 HPs)
             Began as a Human Necromancer on May 26, 2015.
             Slain by totalnoob's ghost (8 damage)
             ... on level 3 of the Dungeon on May 27, 2015.
             The game lasted 01:18:51 (2760 turns).

zuul91 the Grave Robber (Human Necromancer)         Turns: 2760, Time: 01:19:02

Health: -3/37      AC:  4    Str: 13    XL:     5   Next: 18%
Magic:  2/9        EV: 12    Int: 17    God:
Gold:   84         SH:  0    Dex: 13    Spells: 4 memorised, 2 levels left

rFire  . . .     SeeInvis .     d - +1 dagger (drain)
rCold  . . .     Clarity  .     l - +0 leather armour
rNeg   . . .     SustAt   .     (no shield)
rPois  .         Gourm    .     (no helmet)
rElec  .         Spirit   .     t - +0 cloak
rCorr  .         Warding  .     (no gloves)
rMut   .         Rnd*Tele +     (no boots)
MR     .....                    (no amulet)
Stlth  ++........               (no ring)
                                s - ring of teleportation

@: mighty, slowed, very slow, not resistant to hostile enchantments, unstealthy
A: no striking features
a: Evoke Teleportation


You were on level 3 of the Dungeon.
You were full.

You visited 1 branch of the dungeon, and saw 3 of its levels.

You collected 84 gold pieces.

Inventory:

Hand weapons
 d - a +1 dagger of draining (weapon)
 e - a +0 short sword
 g - a +0 dagger
 h - a +0 dagger
 i - a +0 club
 q - a +0 spear
 r - a +0 spear
Missiles
 f - 45 stones
 k - 12 sling bullets
 p - 15 arrows
 v - 46 bolts
 y - 11 poisoned needles (quivered)
Armour
 a - a +0 robe
 l - a +0 leather armour (worn)
 t - a +0 cloak (worn)
Jewellery
 s - a ring of teleportation (left hand)
Scrolls
 c - a scroll of fear {unknown}
 j - a scroll of amnesia
 o - a scroll of enchant armour {unknown}
 x - a scroll of random uselessness {unknown}
Potions
 u - a potion of flight {unknown}
Books
 b - a book of Necromancy

   Spells                             Type                      Level
   a - Pain                           Necromancy                   1
   b - Animate Skeleton               Necromancy                   1
   c - Vampiric Draining              Necromancy                   3
   d - Regeneration                   Charms/Necromancy            3
   e - Animate Dead                   Necromancy                   4
   f - Control Undead                 Necromancy                   4
Comestibles
 w - 4 chunks of flesh


   Skills:
 * Level 1.0 Fighting
 - Level 0.2 Armour
 + Level 2.1 Dodging
 + Level 2.1 Stealth
 * Level 3.3 Spellcasting
 * Level 5.0 Necromancy


You had 2 spell levels left.
You knew the following spells:

 Your Spells              Type           Power        Failure   Level  Hunger
a - Pain                  Necr           ###.         3%          1    None
b - Animate Skeleton      Necr           N/A          3%          1    None
c - Vampiric Draining     Necr           ###.......   12%         3    ###....
d - Regeneration          Chrm/Necr      ##........   28%         3    ###....


Dungeon Overview and Level Annotations

Branches:
Dungeon (3/15)

Altars:

Annotations:
D:3 totalnoob's ghost, average NaFi


Message History

Totalnoob's ghost closely misses you.
Natasha claws totalnoob's ghost.
Totalnoob's ghost hits you!
Natasha claws totalnoob's ghost.
Casting: Animate Skeleton
Confirm with . or Enter, or press ? or * to list all spells.
Okay, then.
You hit totalnoob's ghost but do no damage.
Totalnoob's ghost is heavily damaged.
Totalnoob's ghost hits you!
* * * LOW HITPOINT WARNING * * *
Natasha claws totalnoob's ghost.
Casting: Animate Skeleton
Confirm with . or Enter, or press ? or * to list all spells.
Okay, then.
It was a potion of might.
You feel very mighty all of a sudden. Totalnoob's ghost hits you.
* * * LOW HITPOINT WARNING * * *
Natasha claws totalnoob's ghost but does no damage.
Totalnoob's ghost hits you!
You die...

..## #...#
..## #.#.#
...# #...#####
#...#
##......#
#.#..#
###..#.###
#.##..#
##.....##### #
#.# #..#
#####.....##.#
#.# ###
#..........#.
#.#
#...@W.......
.#
#....Z..(##..
#.###.#### #.
#.# .. ..# .#.
### .. ..


You could see totalnoob's ghost and the friendly Natasha the felid skeleton.

Vanquished Creatures
  Natasha (D:3)
  4 adders (D:2)
  4 giant geckos
  6 bats
  5 giant cockroaches
  8 hobgoblins
  2 jackals (D:2)
  A quokka (D:3)
  2 giant newts (D:1)
  9 goblins
  5 kobolds
  2 rats (D:2)
49 creatures vanquished.

Vanquished Creatures (collateral kills)
  A hobgoblin (D:1)
  2 giant newts (D:1)
  A goblin (D:1)
  A jackal (D:2)
5 creatures vanquished.

Grand Total: 54 creatures vanquished

Notes
Turn   | Place    | Note
--------------------------------------------------------------
     0 | D:1      | zuul91 the Human Necromancer began the quest for the Orb.
     0 | D:1      | Reached XP level 1. HP: 13/13 MP: 3/3
     9 | D:1      | Noticed a giant frog
    49 | D:1      | Learned a level 1 spell: Animate Skeleton
   472 | D:1      | Reached XP level 2. HP: 16/19 MP: 1/5
   878 | D:1      | Reached XP level 3. HP: 21/24 MP: 3/6
   898 | D:1      | Learned a level 3 spell: Vampiric Draining
  1817 | D:2      | Reached XP level 4. HP: 25/30 MP: 1/7
  2135 | D:2      | Learned a level 3 spell: Regeneration
  2734 | D:3      | Noticed Natasha
  2743 | D:3      | Killed Natasha
  2743 | D:3      | Reached skill level 1 in Fighting
  2743 | D:3      | Reached skill level 5 in Necromancy
  2743 | D:3      | Reached XP level 5. HP: 28/37 MP: 0/9
  2751 | D:3      | Noticed totalnoob's ghost (average NaFi)
  2760 | D:3      | Slain by totalnoob's ghost

Vault maps used:
D:1:      evilmike_arrival_come_back
D:3:      minitemple, serial_park_tiny_pond, uniq_grinder, uniq_natasha

Action                   |  1- 3 |  4- 6 || total
-------------------------+-------+-------++-------
Melee: Unarmed           |     4 |       ||     4
       Dagger            |    15 |     9 ||    24
 Cast: Pain              |    38 |    28 ||    66
       Animate Skeleton  |    16 |    13 ||    29
       Vampiric Draining |     2 |     3 ||     5
       Regeneration      |       |     1 ||     1
  Use: Scroll            |     2 |     2 ||     4
       Potion            |     2 |     2 ||     4
 Stab: Distracted        |       |     1 ||     1
  Eat: Bread ration      |     1 |       ||     1
       Chunk             |       |     2 ||     2
       Meat ration       |       |     1 ||     1
